 Dungeon Crawl Stone Soup version 0.28-a0-477-g0b43c73ce0 (console) character file.

Game seed: 3904580029878649722

4 1020 the Grave Robber (level 1, -1/13 HPs)
             Began as a Demonspawn Necromancer on Sept 17, 2021.
             Frozen to death by an endoplasm (5 damage)
             ... on level 1 of the Dungeon.
             The game lasted 00:00:45 (265 turns).

1020 the Grave Robber (Demonspawn Necromancer)       Turns: 265, Time: 00:00:45

Health: -1/13      AC:  2    Str:  8    XL:     1   Next: 50%
Magic:  0/3        EV: 12    Int: 16    God:
Gold:   27         SH:  0    Dex: 13    Spells: 2/4 levels left

rFire   . . .      SeeInvis .   (no weapon)
rCold   . . .      Faith    .   (no shield)
rNeg    . . .      Spirit   .   a - +0 robe
rPois   .          Reflect  .   (no helmet)
rElec   .          Harm     .   (no cloak)
rCorr   .          Rampage  .   (no gloves)
Will    .....                   (no boots)
Stlth   ++........              (no amulet)
HPRegen 0.04/turn               (no ring)
MPRegen 0.08/turn               (no ring)

@: no status effects
A: no striking features
a: no special abilities


You were on level 1 of the Dungeon.
You visited 1 branch of the dungeon, and saw 1 of its levels.

You collected 27 gold pieces.

Inventory:

Armour
 a - a +0 robe (worn)
Scrolls
 b - a scroll of teleportation {unknown}


   Skills:
 + Level 1.8 Dodging
 + Level 1.8 Stealth
 + Level 2.0 Spellcasting
 + Level 4.6 Necromancy


You had 2 spell levels left.
You knew the following spells:

 Your Spells              Type           Power      Damage    Failure   Level
a - Pain                  Necr           64%        1d7       3%          1
b - Animate Skeleton      Necr           32%        N/A       3%          1

Your spell library contained the following spells:

 Spells                   Type           Power      Damage    Failure   Level
 Vampiric Draining        Necr           8%         2d7       10%         3
 Animate Dead             Necr           8%         N/A       30%         4
 Agony                    Necr           16%        N/A       65%         5


Dungeon Overview and Level Annotations

Branches:
Dungeon (1/15)

Altars:


Message History

Casting: Pain (safe; 3% risk of failure)
Confirm with . or Enter, or press ? or * to list all spells.
You don't know that spell.
Sorry, you're not good enough to have a special ability.
Casting: Pain (safe; 3% risk of failure)
Confirm with . or Enter, or press ? or * to list all spells.
Aiming: Pain (safe; 3% risk of failure)
Press: ? - help, Shift-Dir - straight line, f - goblin, p - endoplasm
Aim: a goblin, wielding a +0 club (chance to affect: 87%)
The goblin writhes in agony.
Casting: Pain (safe; 3% risk of failure)
Confirm with . or Enter, or press ? or * to list all spells.
Aiming: Pain (safe; 3% risk of failure)
Press: ? - help, Shift-Dir - straight line, f/p - goblin
Aim: a goblin, wielding a +0 club (severely wounded, chance to affect: 87%)
The goblin barely resists.
You hit the goblin.
The goblin is almost dead.
The endoplasm misses you. The goblin barely misses you.
You hit the goblin but do no damage.
The goblin is almost dead.
The quokka bites you but does no damage.
The endoplasm freezes you.
You are frozen.
The goblin barely misses you. The quokka barely misses you.
You hit the goblin.
You kill the goblin!
The endoplasm hits you.
The quokka bites you but does no damage.
Casting: Pain (safe; 3% risk of failure)
Confirm with . or Enter, or press ? or * to list all spells.
You don't have enough magic to cast this spell.
The endoplasm closely misses you. The quokka barely misses you.
You see here a +0 club.
The quokka barely misses you.
You hit the endoplasm but do no damage.
The endoplasm is severely wounded.
The quokka barely misses you. The endoplasm freezes you.
You are frozen.
You die...

....#+### ........#
.........# ....?....#
.........# .........#
.........# $.......@#
.......rJ# .........####
............#
+##########.# #.# #.# #.#
############.#############


You could see an endoplasm and a quokka.

Vanquished Creatures
  A dart slug (D:1)
  A goblin (D:1)
2 creatures vanquished.

Notes
Turn   | Place    | Note
-------+----------+-------------------------------------------
     0 | D:1      | 1020 the Demonspawn Necromancer began the quest for the
                  | Orb.
     0 | D:1      | Reached XP level 1. HP: 13/13 MP: 3/3
    82 | D:1      | Learned a level 1 spell: Animate Skeleton
   265 | D:1      | Frozen to death by an endoplasm

Illustrated notes

Levels and vault maps discovered:
D:1:      dpeg_arrival_boxes_within_box, layout_basic,
          chequers_serial_rivers_micro_a

Action                   || total
-------------------------++-------
Melee: Unarmed           ||    17
 Cast: Pain              ||     3
Armor: Robe              ||     2
Dodge: Dodged            ||    14

Table legend: (Time is in decaauts)
 A = Elapsed time spent in this place.
 B = Non-inter-level travel time spent in this place.
 C = Inter-level travel time spent in this place.
 D = Time resting spent in this place.
 E = Time spent auto-exploring this place.
 F = Levels seen in this place.
 G = Mean time per level.
                   A        B        C        D        E       F      G
               +--------+--------+--------+--------+--------+-----+--------+
         Total |    265 |    265 |      0 |      0 |    148 |   1 |  265.0 |
       Dungeon |    265 |    265 |      0 |      0 |    148 |   1 |  265.0 |
               +--------+--------+--------+--------+--------+-----+--------+

Top non-repeatable levels by time:
     D:1: 265 daAuts
